 Dungeon Crawl Stone Soup version 0.23-b1-67-g8bd44de (webtiles) character file.

Game seed: 6451631406904927776

164 infcreate the Conjurer (level 5, 0/28 HPs)
             Began as a Deep Elf Conjurer on Feb 5, 2019.
             Slain by a killer bee (9 damage)
             ... on level 4 of the Dungeon.
             The game lasted 00:14:38 (3148 turns).

infcreate the Conjurer (Deep Elf Conjurer)          Turns: 3148, Time: 00:14:39

Health: 0/28       AC:  3    Str:  5    XL:     5   Next: 21%
Magic:  13/13      EV: 14    Int: 21    God:
Gold:   97         SH:  0    Dex: 15    Spells: 7/13 levels left

rFire    . . .     SeeInvis .   (no weapon)
rCold    . . .     Gourm    .   (no shield)
rNeg     . . .     Faith    .   a - +0 robe
rPois    .         Spirit   .   (no helmet)
rElec    .         Reflect  .   (no cloak)
rCorr    .         Harm     .   b - +0 pair of gloves
MR       .....                  (no boots)
Stlth    ++........             (no amulet)
HPRegen  0.09/turn              (no ring)
MPRegen  0.13/turn              (no ring)

@: no status effects
A: no striking features
a: no special abilities


You were on level 4 of the Dungeon.
You were not hungry.

You visited 1 branch of the dungeon, and saw 4 of its levels.

You collected 97 gold pieces.

Inventory:

Armour
 a - a +0 robe (worn)
 b - a +0 pair of gloves (worn)
Scrolls
 h - a scroll of immolation
 k - a scroll of enchant weapon
Potions
 d - a potion of brilliance {unknown}
 e - a potion of agility {unknown}
 f - a potion of heal wounds {unknown}
 g - a potion of flight {unknown}
 i - a potion of degeneration {unknown}
Comestibles
 c - 5 rations


   Skills:
 * Level 3.4 Dodging
 + Level 3.1 Stealth
 + Level 4.6 Spellcasting
 + Level 5.8 Conjurations


You had 7 spell levels left.
You knew the following spells:

 Your Spells              Type           Power        Failure   Level  Hunger
a - Magic Dart            Conj           ####         1%          1    None
b - Searing Ray           Conj           ####..       1%          2    #......
c - Dazzling Spray        Conj/Hex       ###...       10%         3    ##.....

Your spell library contained the following spells:

 Spells                   Type           Power        Failure   Level  Hunger
 Iskenderun's Mystic Bla  Conj           ####....     11%         4    ####...
 Fulminant Prism          Conj/Hex       ###.......   32%         4    ####...
 Force Lance              Conj/Tloc      ###.....     34%         4    ####...


Dungeon Overview and Level Annotations

Branches:
Dungeon (4/15)
 Temple: D:4-7

Altars:
Okawaru


Message History

A hound comes into view.
The killer bee barely misses you. The killer bee barely misses you.
The killer bee stings you.
A killer bee comes into view.
The killer bee completely misses you.
The killer bee moves out of view.
A worm comes into view.
The killer bee stings you! The killer bee barely misses you.
Found a stone staircase leading down.
An ogre comes into view. It is wielding a +0 giant spiked club.
The hound misses you. The killer bee barely misses you.
An ogre comes into view. It is wielding a +0 giant club.
The killer bee barely misses you. The killer bee misses you.
A worker ant comes into view.
The ogre shouts!
The killer bee stings you. The killer bee barely misses you.
The killer bee barely misses you. The killer bee stings you!
You die...

.........#.Z..# ..#
.............## #a.#
....###...Z.#####...#
.... #.....##.#....##
... ##....o#........#
#.......o.#......#
.#.......o.......##
....w.....y..^....#
.......O..y@......#
..........h.......#
...........>...####
..............##
..#..........#
##...###.... ..##
...... #. .##...#


You could see an ogre, a worm, a hound, a worker ant (sleeping), 2 killer bees,
an orc priest, 2 orcs and a hound skeleton.

Vanquished Creatures
  2 orc wizards (D:3)
  4 gnolls (D:2)
  2 worms (D:3)
  2 leopard geckos
  2 orcs (D:3)
  4 giant cockroaches
  6 goblins
  4 hobgoblins
  6 jackals (D:3)
  2 quokkas
  3 ball pythons
  5 bats
  2 frilled lizards
  8 kobolds
  7 rats
59 creatures vanquished.

Notes
Turn   | Place    | Note
-------+----------+-------------------------------------------
     0 | D:1      | infcreate the Deep Elf Conjurer began the quest for the
                  | Orb.
     0 | D:1      | Reached XP level 1. HP: 10/10 MP: 6/6
   346 | D:1      | Reached XP level 2. HP: 15/15 MP: 6/8
   578 | D:1      | Learned a level 2 spell: Searing Ray
   879 | D:2      | Reached skill level 5 in Conjurations
  1193 | D:2      | Reached XP level 3. HP: 19/19 MP: 2/9
  1265 | D:1      | Learned a level 3 spell: Dazzling Spray
  1567 | D:3      | Reached XP level 4. HP: 24/24 MP: 9/11
  2616 | D:3      | Reached XP level 5. HP: 25/28 MP: 1/13
  3064 | D:3      | Found an iron altar of Okawaru.
  3144 | D:4      | Noticed an ogre
  3144 | D:4      | Noticed an ogre
  3148 | D:4      | Slain by a killer bee

Skill      XL: |  1  2  3  4 |
---------------+-------------+-----
Conjurations   | 5 |  5.8
Dodging        | 3 |  3.4
Stealth        | 3 |  3.1
Spellcasting   | 4 |  4.6

Action                   |  1- 3 |  4- 6 || total
-------------------------+-------+-------++-------
 Cast: Magic Dart        |    63 |    53 ||   116
       Searing Ray       |     1 |     5 ||     6
       Dazzling Spray    |       |     4 ||     4
  Use: Scroll            |       |     4 ||     4
  Eat: Chunk             |     2 |     5 ||     7
Armor: Robe              |     1 |     3 ||     4
Dodge: Dodged            |    10 |    22 ||    32
